 Dungeon Crawl Stone Soup version 0.22.1-1-ga44c0e5 (webtiles) character file.

144 HoaS the Bolt Thrower (level 5, 0/32 HPs)
             Began as a Gargoyle Hunter on Oct 20, 2018.
             Slain by a rat (2 damage)
             ... in a sewer.
             The game lasted 00:12:27 (3083 turns).

HoaS the Bolt Thrower (Gargoyle Hunter)             Turns: 3083, Time: 00:12:28

Health: 0/32       AC: 12    Str: 16    XL:     5   Next: 27%
Magic:  5/5        EV:  8    Int: 12    God:
Gold:   123        SH:  0    Dex: 10    Spells: 4/4 levels left

rFire    . . .     SeeInvis +     - Unarmed
rCold    . . .     Gourm    .   (no shield)
rNeg     + . .     Faith    .   i - +0 ring mail
rPois    ∞         Spirit   .   g - +1 helmet
rElec    +         Reflect  .   (no cloak)
rCorr    .         Harm     .   (no gloves)
MR       .....                  b - +0 pair of boots
Stlth    +.........             (no amulet)
HPRegen  0.10/turn              c - ring of see invisible
MPRegen  0.09/turn              (no ring)

@: constricted, very slow
A: negative energy resistance 1, electricity resistance, unbreathing,
petrification resistance, rot immunity, AC +4
a: no special abilities


You were in a sewer.
You were hungry.

You visited 1 branch of the dungeon, and saw 3 of its levels.
You also visited: Sewer.

You collected 123 gold pieces.

Inventory:

Hand Weapons
 a - a +2 hand crossbow
Missiles
 d - 29 bolts
Armour
 b - a +0 pair of boots (worn)
 g - a +1 helmet (worn)
 i - a +0 ring mail (worn)
Jewellery
 c - a ring of see invisible (left hand)
Scrolls
 h - a scroll of immolation {unknown}
 l - a scroll of teleportation {unknown}
 m - a scroll of identify
 n - a scroll of fog {unknown}
Potions
 e - 2 potions of heal wounds {unknown}
 k - a potion of brilliance {unknown}
Comestibles
 f - 3 rations
 j - 8 chunks of flesh


   Skills:
 * Level 3.3 Fighting
 + Level 4.2 Crossbows
 + Level 1.3 Armour
 - Level 1.5 Dodging
 - Level 1.1 Stealth
 * Level 3.4 Unarmed Combat


You had 4 spell levels left.
You didn't know any spells.
Your spell library was empty.

Dungeon Overview and Level Annotations

Branches:
Dungeon (3/15)

Altars:
Vehumet


Innate Abilities, Weirdness & Mutations

You are resistant to torment.
Your stone body is resilient. (AC +4)
You are immune to poison.
You resist negative energy. (rN+)
You are resistant to electric shocks. (rElec)
You can survive without breathing.
You are immune to petrification.
You are immune to rotting.


Message History

The ball python completely misses you. The ball python constricts you.
You closely miss the adder.
The adder is almost dead.
The adder barely misses you. The adder bites you but does no damage.
The ball python closely misses you. The ball python barely misses you.
The ball python constricts you.
You hit the adder.
You kill the adder!
The adder bites you but does no damage.
The ball python bites you but does no damage. x2
The ball python constricts you.
You hit the adder.
The adder is lightly wounded.
The adder bites you but does no damage.
The ball python bites you but does no damage.
The ball python closely misses you. The ball python constricts you.
You hit the adder.
The adder is heavily wounded.
The adder barely misses you. The rat bites you.
You die...

##...# #...# ##...#
##...##
####################....#
#.#≈≈≈≈≈≈≈≈≈≈≈≈≈≈≈......#
..≈≈≈≈≈≈≈≈≈≈≈≈≈≈≈≈.....##
..≈≈≈≈≈≈≈≈≈≈≈≈≈S≈≈≈....#
..≈≈≈≈≈≈≈≈≈#≈≈≈r@≈.....#
...≈≈≈≈#≈≈≈≈≈≈≈SS≈≈...##
..#≈≈≈≈≈≈≈†.≈≈≈≈≈≈..###
.#################### #


You could see an adder, 2 ball pythons and a rat.

Vanquished Creatures
  3 adders
  2 river rats (Sewer)
  An ooze (D:2)
  3 worms (D:2)
  2 dart slugs (D:1)
  8 leopard geckos
  6 giant cockroaches
  7 goblins
  3 hobgoblins
  7 jackals (D:2)
  6 kobolds
  A ball python (Sewer)
  7 bats
  A frilled lizard (D:2)
  20 rats
77 creatures vanquished.

Vanquished Creatures (others)
  A giant cockroach (D:3)
1 creature vanquished.

Grand Total: 78 creatures vanquished

Notes
Turn   | Place    | Note
-------+----------+-------------------------------------------
     0 | D:1      | HoaS the Gargoyle Hunter began the quest for the Orb.
     0 | D:1      | Reached XP level 1. HP: 12/12 MP: 1/1
    62 | D:1      | Reached skill level 1 in Unarmed Combat
   101 | D:1      | Reached XP level 2. HP: 7/17 MP: 2/2
   953 | D:1      | Reached XP level 3. HP: 19/21 MP: 3/3
  2203 | D:2      | Reached XP level 4. HP: 27/27 MP: 4/4
  2712 | D:3      | Found a radiant altar of Vehumet.
  2752 | D:3      | Reached skill level 1 in Armour
  2804 | D:3      | Found a glowing drain.
  2878 | Sewer    | Entered a sewer
  2997 | Sewer    | Reached XP level 5. HP: 28/32 MP: 5/5
  3083 | Sewer    | Slain by a rat

Skill      XL: |  1  2  3  4 |
---------------+-------------+-----
Unarmed Combat | 1 2 3 |  3.4
Armour         | 1 |  1.3
Fighting       | 3 |  3.3
Crossbows      | |  4.2
Dodging        | |  1.5
Stealth        | |  1.1

Action                   |  1- 3 |  4- 6 || total
-------------------------+-------+-------++-------
Melee: Unarmed           |   165 |   204 ||   369
       Punch             |       |     4 ||     4
 Fire: Hand crossbow     |     7 |     9 ||    16
  Use: Scroll            |     3 |     3 ||     6
 Stab: Sleeping          |     1 |       ||     1
  Eat: Chunk             |     4 |     3 ||     7
Armor: Leather armour    |    39 |       ||    39
       Ring mail         |    27 |   196 ||   223
Dodge: Dodged            |    85 |   181 ||   266
